 Dungeon Crawl Stone Soup version 0.21.1-1-g345015f (webtiles) character file.

118 sking99 the Sneak (level 4, -2/21 HPs)
             Began as a Spriggan Enchanter on June 23, 2018.
             Was an Initiate of Dithmenos.
             Killed by nerve-wracking pain
             ... invoked by an orc priest
              (14 damage)
             ... on level 3 of the Dungeon.
             The game lasted 00:13:40 (4144 turns).

sking99 the Sneak (Spriggan Enchanter)              Turns: 4144, Time: 00:13:41

Health: -2/21      AC:  3    Str:  4    XL:     4   Next: 72%
Magic:  0/10       EV: 19    Int: 17    God:    Dithmenos [......]
Gold:   145        SH:  0    Dex: 16    Spells: 7/10 levels left

rFire    . . .     SeeInvis +   a - +1 dagger
rCold    . . .     Gourm    .   (shield restricted)
rNeg     . . .     Faith    .   b - +0 robe
rPois    .         Spirit   .   (helmet restricted)
rElec    .         Reflect  .   e - +0 cloak
rCorr    .         Harm     .   (gloves unavailable)
MR       .....                  (boots unavailable)
Stlth    +++.......             (no amulet)
HPRegen  0.07/turn              (no ring)
MPRegen  0.12/turn              (no ring)

@: very quick
A: very small, unfitting armour, see invisible, herbivore, speed 3, slow
metabolism 2
a: Renounce Religion


You were on level 3 of the Dungeon.
You worshipped Dithmenos.
Dithmenos was noncommittal.
You were very hungry.

You visited 1 branch of the dungeon, and saw 3 of its levels.

You collected 145 gold pieces.

Inventory:

Hand Weapons
 a - a +1 dagger (weapon)
Armour
 b - a +0 robe (worn)
 e - a +0 cloak (worn)
Jewellery
 h - a cursed -3 ring of protection {unknown}
 k - an uncursed amulet of the gourmand {unknown}
 q - a cursed ring of loudness {unknown}
Scrolls
 f - 2 scrolls of magic mapping {unknown}
 i - a scroll of immolation {unknown}
 j - a scroll of remove curse {unknown}
 l - 4 scrolls of identify {unknown}
 m - a scroll of teleportation {unknown}
 o - a scroll of fear {unknown}
Potions
 g - 2 potions of might {unknown}
 p - 2 potions of curing {unknown}
Books
 c - a book of Maledictions

   Spells                             Type                      Level
   a - Corona                         Hexes                        1
   b - Ensorcelled Hibernation        Hexes/Ice                    2
   c - Confuse                        Hexes                        3
   d - Tukima's Dance                 Hexes                        3
   e - Dazzling Spray                 Conjuration/Hexes            3
 n - a book of Misfortune

   Spells                             Type                      Level
   a - Confusing Touch                Hexes                        1
   b - Confuse                        Hexes                        3
   c - Gell's Gravitas                Translocation                3
   d - Petrify                        Transmutation/Earth          4
   e - Metabolic Englaciation         Hexes/Ice                    5
   f - Yara's Violent Unravelling     Hexes/Transmutation          5
Comestibles
 d - 4 rations


   Skills:
 - Level 1.1 Short Blades
 - Level 3.5 Dodging
 + Level 5.8 Stealth
 + Level 3.7 Spellcasting
 + Level 4.4 Hexes
 + Level 1.4 Ice Magic


You had 7 spell levels left.
You knew the following spells:

 Your Spells              Type           Power        Failure   Level  Hunger
a - Ensorcelled Hibernat  Hex/Ice        ##....       8%          2    ##.....
b - Corona                Hex            ###....      2%          1    None


Dungeon Overview and Level Annotations

Branches:
Dungeon (3/15)

Altars:
Dithmenos
Hepliaklqana
Kikubaaqudgha
Uskayaw
Xom


Innate Abilities, Weirdness & Mutations

You are very small and have problems with some larger weapons.
You are too small for most types of armour.
You have supernaturally acute eyesight. (SInv)
You are a herbivore.
You cover ground extremely quickly.
You need consume almost no food.


Message History

You kill the adder!
Dithmenos accepts your kill.
Casting: Ensorcelled Hibernation
Confirm with . or Enter, or press ? or * to list all spells.
Aiming: Ensorcelled Hibernation
Press: ? - help, Shift-Dir - straight line, f - orc priest
Aim: an orc priest, wielding a hand axe and wearing a leather armour (chance to defeat MR: 44%)
The orc priest resists with some effort.
The orc priest shouts!
You hear a shout!
The orc priest invokes the aid of Beogh against you.
Beogh smites you!
The leopard gecko hisses angrily.
The orc wizard shouts!
The orc priest invokes the aid of Beogh against you.
You struggle to resist.
The orc priest casts a cantrip, but nothing happens.
The orc priest mumbles some strange prayers to Beogh against you.
Pain shoots through your body!
Ouch! That really hurt!
You die...

.######.#........................
......#.#.............)..........
..)...#.#........................
##...##.......o..o...............
#...†...........[...............
#...####........................
#...# #................[....<..
#...# #........................
##...# #.......@...o)†..........
...+#####...#####.#####l.........
^...........#.).......#..........
_^..........#.###.###.#...l......
^...........# ###.###.#..........
............#.##...##.#S.........
............(...._...............
....##......#.##...##.#..........
.#####....# # ##.###.#......##.#


You could see 2 orc priests, an orc wizard and a leopard gecko.

Vanquished Creatures
  6 adders
  3 dart slugs (D:1)
  2 leopard geckos (D:2)
  4 orcs (D:3)
  7 bats
  3 giant cockroaches
  5 goblins
  14 hobgoblins
  3 frilled lizards
  3 rats (D:1)
50 creatures vanquished.

Notes
Turn   | Place    | Note
-------+----------+-------------------------------------------
     0 | D:1      | sking99 the Spriggan Enchanter began the quest for the Orb.
     0 | D:1      | Reached XP level 1. HP: 9/9 MP: 5/5
     3 | D:1      | Noticed an electric eel
     3 | D:1      | Noticed an electric eel
  1120 | D:1      | Reached XP level 2. HP: 11/13 MP: 6/6
  1124 | D:1      | Learned a level 2 spell: Ensorcelled Hibernation
  1391 | D:1      | Reached skill level 5 in Stealth
  1874 | D:1      | Reached XP level 3. HP: 6/16 MP: 0/8
  2297 | D:2      | Found an ancient bone altar of Kikubaaqudgha.
  2299 | D:2      | Found a shadowy altar of Dithmenos.
  2578 | D:2      | Reached skill level 1 in Ice Magic
  2680 | D:2      | Reached XP level 4. HP: 21/21 MP: 0/10
  3186 | D:3      | Found a shimmering altar of Xom.
  3314 | D:3      | Found a hazy altar of Hepliaklqana.
  3461 | D:2      | Became a worshipper of Dithmenos the Shadowed
  3576 | D:3      | Found a hide-covered altar of Uskayaw.
  4144 | D:3      | Killed from afar by an orc priest

Skill      XL: |  1  2  3 |
---------------+----------+-----
Stealth        | 5 |  5.8
Spellcasting   | 3 |  3.7
Hexes          | 4 |  4.4
Ice Magic      | 1 |  1.4
Short Blades   | |  1.1
Dodging        | |  3.5

Action                   |  1- 3 |  4- 6 || total
-------------------------+-------+-------++-------
Melee: Dagger            |   105 |    30 ||   135
 Cast: Corona            |     1 |       ||     1
       Ensorcelled Hiber |    19 |    29 ||    48
 Stab: Sleeping          |    19 |    16 ||    35
  Eat: Ration            |       |     1 ||     1
Armor: Robe              |    13 |     3 ||    16
Dodge: Dodged            |   119 |    20 ||   139
